 Dungeon Crawl Stone Soup version 0.32-a0-290-g598725c5f2 (webtiles) character file.

Game seed: 2464194537300175735

2804 Bravepunisher the Demolition Spriggan (level 9, 0/47 HPs)
             Began as a Spriggan Monk on Feb 13, 2024.
             Was an Elder of Makhleb.
             Slain by an orc wizard
             ... wielding a +0 dagger
              (4 damage)
             ... on level 7 of the Dungeon.
             The game lasted 00:19:51 (5357 turns).

Bravepunisher the Demolition Spriggan (SpMo)        Turns: 5357, Time: 00:19:51

Health: 0/47       AC:  3    Str:  7    XL:     9   Next: 44%
Magic:  18/18      EV: 20    Int: 11    God:    Makhleb [****..]
Gold:   386        SH:  0    Dex: 22    Spells: 8/8 levels left

rFire   + . .        w - +1 dagger (venom)
rCold   . . .        (no shield)
rNeg    . . .        a - +1 robe {rF+}
rPois   .            (helmet restricted)
rElec   .            (no cloak)
rCorr   .            (gloves unavailable)
SInv    +            (boots unavailable)
Will    +....        (no amulet)
Stlth   ++           (no ring)
HPRegen 0.27/turn    (no ring)
MPRegen 0.16/turn

%: no passive effects
@: mighty, hasted, very quick
A: very small, no large weapons, unfitting armour, see invisible, speed 3
a: Renounce Religion, Minor Destruction, Lesser Servant of Makhleb, Major
Destruction


You were on level 7 of the Dungeon.
You worshipped Makhleb.
Makhleb was greatly pleased with you.
You visited 2 branches of the dungeon, and saw 8 of its levels.

You collected 386 gold pieces.

Inventory:

Hand Weapons
 w - a +1 dagger of venom (weapon)
Armour
 a - a +1 robe of fire resistance (worn)
Wands
 p - a wand of mindburst (6)
Scrolls
 c - 4 scrolls of revelation {unknown}
 d - 2 scrolls of fog {unknown}
 g - 6 scrolls of identify {unknown}
 h - 2 scrolls of teleportation {unknown}
 j - 2 scrolls of fear {unknown}
 n - a scroll of blinking {unknown}
 o - a scroll of vulnerability {unknown}
 r - a scroll of amnesia {unknown}
 t - a scroll of immolation {unknown}
 u - 2 scrolls of poison {unknown}
Potions
 f - 2 potions of magic
 i - a potion of berserk rage {unknown}
 k - a potion of enlightenment {unknown}
 l - 2 potions of mutation {unknown}
 m - a potion of might
 q - a potion of resistance {unknown}
 s - a potion of haste
 v - a potion of ambrosia


   Skills:
 - Level 5.0 Fighting
 - Level 3.2 Short Blades
 + Level 1.7 Armour
 - Level 4.7 Dodging
 * Level 11.4 Invocations


You had 8 spell levels left.
You didn't know any spells.
Your spell library contained the following spells:

 Spells                   Type           Power      Damage    Failure   Level
 Chain Lightning          Conj/Air       0%         N/A       100%        9
 Fire Storm               Conj/Fire      0%         5d1       100%        9
 Shatter                  Erth           0%         3d5*      100%        9


Dungeon Overview and Level Annotations

Branches:
Dungeon (7/15)             Temple (1/1) D:4

Altars:
Ashenzari
Cheibriados
Dithmenos
Elyvilon
Gozag
Kikubaaqudgha
Makhleb
Nemelex Xobeh
Okawaru
Trog
Uskayaw
Vehumet
Wu Jian
Yredelemnul
Zin
The Shining One

Shops:
D:3 ?   D:4 (


Innate Abilities, Weirdness & Mutations

You are very small and have problems with some larger weapons.
You are too small for most types of armour.
You have supernaturally acute eyesight. (SInv)
You cover ground extremely quickly. (Speed+++)


Message History

The orc warrior misses you.
It was a potion of magic.
Magic courses through your body.
An orc priest comes into view. It is wielding a +2 dagger of venom.
The orc warrior hits you with a +0 trident.
The orc wizard hits you but does no damage.
Unknown command.
You feel better. The orc warrior closely misses you.
The orc wizard closely misses you.
Unknown command.
A demon appears!
The orc warrior completely misses you. The orc wizard misses you.
Unknown command.
Aiming: Minor Destruction (0% risk of failure)
Press: ? - help, Shift-Dir - straight line, f - orc wizard, p - orc warrior
Aim: an orc wizard, wielding a +0 dagger and wearing a +0 robe The glob of acid misses the orc wizard.
The orc warrior completely misses you. The orc wizard barely misses you.
Your smoke demon gestures at the orc warrior.
The pyre arrow hits the orc warrior.
You hit the orc warrior.
The orc warrior is poisoned.
The orc warrior is heavily wounded.
The orc warrior hits you with a +0 trident!
* * * LOW HITPOINT WARNING * * *
Unknown command.
It was a potion of might.
You feel very mighty all of a sudden.
The orc warrior burns!
The orc wizard hits you with a +0 dagger.
* * * LOW HITPOINT WARNING * * *
Your smoke demon misses the orc warrior.
Your smoke demon hits the orc warrior but does no damage.
Your smoke demon barely misses the orc warrior.
The orc warrior hits your smoke demon with a +0 trident!
Unknown command.
It was a potion of haste.
You feel yourself speed up.
The orc warrior burns!
The orc warrior dies!
Makhleb accepts your kill.
The orc wizard yells loudly, as Orcs often do.
The orc wizard hits you with a +0 dagger.
You die...

#. #. #.
.####
.... #..
#o# #o#
#@# #<#
#3# #)#
#...o....
#....o...
#.#######
#.# #.#


You could see an orc priest, an orc wizard and a friendly smoke demon
(summoned).

Vanquished Creatures
  Grinder (D:5)
  Prince Ribbit (D:5)
  A shadow (D:5)
  A steam dragon (D:6)
  A water moccasin (D:6)
  Duvessa (D:6)
  An orc warrior (D:6)
  2 sky beasts (D:6)
  An ice beast (D:5)
  A black bear (D:6)
  2 ogres
  2 phantoms
  A kobold brigand (D:6)
  Dowan (D:6)
  A bombardier beetle (D:5)
  A jelly (D:5)
  5 hounds
  2 orc priests (D:6)
  4 gnoll boudas
  5 orc wizards
  An iguana (D:6)
  18 gnolls
  11 adders
  A white imp (D:5)
  4 dart slugs
  16 orcs
  7 bats
  6 endoplasms
  5 giant cockroaches
  6 goblins
  6 hobgoblins
  3 jackals (D:4)
  13 kobolds
  3 quokkas
  5 ball pythons
  3 frilled lizards
  3 rats (D:1)
146 creatures vanquished.

Vanquished Creatures (collateral kills)
  An orc warrior (D:7)
1 creature vanquished.

Vanquished Creatures (others)
  An orc wizard (D:6)
  An orc (D:6)
2 creatures vanquished.

Grand Total: 149 creatures vanquished

Notes
Turn   | Place    | Note
-------+----------+-------------------------------------------
     0 | D:1      | Bravepunisher the Spriggan Monk began the quest for the
                  | Orb.
     0 | D:1      | Reached XP level 1. HP: 11/11 MP: 2/2
   240 | D:3      | Reached XP level 2. HP: 16/16 MP: 3/3
   338 | D:3      | Found Aduqed's Magic Scroll Shop.
   484 | D:4      | Noticed a phantom
   488 | D:4      | Found a staircase to the Ecumenical Temple.
   494 | Temple   | Entered the Ecumenical Temple
   504 | Temple   | Became a worshipper of Makhleb the Destroyer
   504 | Temple   | Reached * piety under Makhleb
   504 | Temple   | Reached ** piety under Makhleb
   510 | Temple   | Killed a phantom
   511 | Temple   | Reached skill level 3 in Invocations
   511 | Temple   | Reached XP level 3. HP: 13/19 MP: 3/6
   511 | Temple   | Reached XP level 4. HP: 16/23 MP: 3/7
   695 | D:2      | Reached skill level 4 in Invocations
   722 | D:2      | Reached XP level 5. HP: 13/27 MP: 9/9
  2064 | D:3      | Reached skill level 5 in Invocations
  2130 | D:3      | Reached *** piety under Makhleb
  2469 | D:4      | Found an opulent altar of Gozag.
  2470 | D:4      | Noticed a phantom
  2476 | D:4      | Killed a phantom
  2477 | D:4      | Reached XP level 6. HP: 26/32 MP: 9/11
  2519 | D:4      | Identified the +0 dagger "Coshetir" {venom, rN+ Dex+7
                  | Stlth+}
  2564 | D:4      | Found Ifeyma's Weapon Shop.
  2650 | D:4      | Reached skill level 6 in Invocations
  3334 | D:5      | Entered Level 5 of the Dungeon
  3405 | D:5      | Noticed a shadow
  3433 | D:5      | Killed a shadow
  3434 | D:5      | Reached skill level 7 in Invocations
  3434 | D:5      | Reached XP level 7. HP: 34/35 MP: 13/13
  3468 | D:5      | Reached skill level 8 in Invocations
  3665 | D:5      | Noticed Grinder
  3710 | D:5      | Killed Grinder
  3711 | D:5      | Reached XP level 8. HP: 25/40 MP: 15/15
  3877 | D:5      | Noticed Prince Ribbit
  3886 | D:5      | Killed Prince Ribbit
  3887 | D:5      | Reached skill level 9 in Invocations
  3920 | D:5      | Reached **** piety under Makhleb
  3963 | D:5      | Found an iron altar of Okawaru.
  4286 | D:6      | Noticed Duvessa
  4286 | D:6      | Noticed Dowan
  4295 | D:6      | Killed Duvessa
  4302 | D:6      | Killed Dowan
  4333 | D:6      | Reached skill level 10 in Invocations
  4691 | D:6      | Reached XP level 9. HP: 46/46 MP: 17/17
  4830 | D:6      | Reached skill level 5 in Fighting
  4923 | D:6      | Reached skill level 11 in Invocations
  5007 | D:6      | Reached skill level 1 in Armour
  5357 | D:7      | Slain by an orc wizard

Illustrated notes

Levels and vault maps discovered:
D:1:      tarquinn_simple_flora_water_a, layout_loops_ring, serial_forest,
          infiniplex_forest_zigzag_2, infiniplex_forest_clump_tiny,
          infiniplex_forest_lined_room_, infiniplex_forest_straight_4,
          grunt_decor_fettered, minmay_pentomino_v2
D:2:      layout_loops_ring
D:3:      layout_loops_ring, serial_shops, nicolae_shop_getting_attention,
          kennysheep_generic_room_5
D:4:      layout_basic, nicolae_gozag_seed_capital,
          minmay_temple_entry_gardened_gates, serial_shops,
          nicolae_shop_tiny_real_fake_doors, enter_ossuary_1
D:5:      layout_gridville, kennysheep_okawaru_gauntlet, uniq_grinder,
          uniq_prince_ribbit1
D:6:      layout_basic, serial_glass, glass_columns_b, glass_columns_b,
          feat_on_display, uniq_duvessa
D:7:      layout_basic, grunt_decor_junction
Temple:   eino_temple_lava

Skill      XL: |  1  2  3  4  5  6  7  8  9 |
---------------+----------------------------+-----
Invocations    | 3 4 5 7 8 10 11 | 11.4
Fighting       | 3 4 5 |  5.0
Armour         | 1 |  1.7
Short Blades   | |  3.2
Dodging        | |  4.7

Action                     |  1- 3 |  4- 6 |  7- 9 || total
---------------------------+-------+-------+-------++-------
  Melee: Short sword       |    30 |    14 |     1 ||    45
         Dagger            |       |       |    14 ||    14
 Invoke: Minor Destruction |     3 |   150 |   202 ||   355
         Lesser Servant of |       |       |     2 ||     2
    Use: Potion            |     2 |       |     4 ||     6
 Armour: Robe              |    17 |     7 |    23 ||    47
  Dodge: Dodged            |    70 |    36 |    66 ||   172

Table legend: (Time is in decaauts)
 A = Elapsed time spent in this place.
 B = Non-inter-level travel time spent in this place.
 C = Inter-level travel time spent in this place.
 D = Time resting spent in this place.
 E = Time spent auto-exploring this place.
 F = Levels seen in this place.
 G = Mean time per level.
                   A        B        C        D        E       F      G
               +--------+--------+--------+--------+--------+-----+--------+
         Total |   3740 |   3537 |    203 |     25 |   2452 |   8 |  467.5 |
       Dungeon |   3698 |   3499 |    199 |      0 |   2452 |   7 |  528.3 |
        Temple |     41 |     38 |      3 |     25 |      0 |   1 |   41.0 |
               +--------+--------+--------+--------+--------+-----+--------+

Top non-repeatable levels by time:
     D:6: 755 daAuts
     D:5: 689 daAuts
     D:4: 641 daAuts
     D:3: 586 daAuts
     D:2: 538 daAuts
     D:1: 463 daAuts
  Temple: 41 daAuts
     D:7: 23 daAuts
